 Dungeon Crawl Stone Soup version 0.20.2-3-g29329e0561 (webtiles) character file.

253 Alfie the Skirmisher (level 6, -3/53 HPs)
             Began as a Hill Orc Fighter on Feb 29, 2024.
             Slain by a soul eater (15 damage)
             ... on level 1 of the Abyss.
             The game lasted 00:04:13 (1843 turns).

Alfie the Skirmisher (Hill Orc Fighter)             Turns: 1843, Time: 00:04:14

Health: -3/53      AC:  8    Str: 21    XL:     6   Next: 14%
Magic:  6/6        EV:  8    Int:  8    God:
Gold:   38         SH:  9    Dex: 10    Spells: 5/5 levels left

rFire    . . .     SeeInvis .   a - +0 rapier
rCold    . . .     Gourm    .   c - +0 shield
rNeg     . . .     Faith    .   b - +0 scale mail
rPois    .         Spirit   .   (no helmet)
rElec    .         Reflect  .   (no cloak)
rCorr    .         Harm     .   e - +0 pair of gloves
MR       .....                  (no boots)
Stlth    ..........             (no amulet)
Regen    0.2/turn               (no ring)
MPRegen  0.1/turn               (no ring)

@: no status effects
A: no striking features
a: no special abilities


You were on level 1 of the Abyss.
You were not hungry.

You visited 1 branch of the dungeon, and saw 3 of its levels.
You visited the Abyss 1 time.

You collected 38 gold pieces.

Inventory:

Hand Weapons
 a - a +0 rapier (weapon)
Armour
 b - a +0 scale mail (worn)
 c - a +0 shield (worn)
 e - a +0 pair of gloves (worn)
Jewellery
 j - an uncursed amulet of harm {unknown}
Scrolls
 g - 2 scrolls of identify {unknown}
 l - a scroll of fog {unknown}
 n - a scroll of amnesia {unknown}
Potions
 d - 4 potions of degeneration {unknown}
 h - a potion of curing {unknown}
 i - 2 potions of magic {unknown}
 k - a potion of flight {unknown}
 q - a potion of ambrosia {unknown}
Comestibles
 f - a royal jelly
 m - a meat ration


   Skills:
 + Level 4.4 Fighting
 + Level 4.2 Short Blades
 + Level 4.4 Armour
 + Level 1.0 Dodging
 + Level 4.2 Shields


You had 5 spell levels left.
You didn't know any spells.

Dungeon Overview and Level Annotations

Branches:
Dungeon (3/15)

Altars:
Okawaru


Message History

The tentacled starspawn is lightly damaged.
Tentacles burst from the starspawn's body!
The soul eater barely misses you. 2 starspawn tentacles come into view.
You barely miss the tentacled starspawn.
The tentacled starspawn is lightly damaged.
The tentacled starspawn barely misses you.
The tentacled starspawn completely misses you.
The soul eater hits you but does no damage.
You hit the tentacled starspawn.
The tentacled starspawn is lightly damaged.
The tentacled starspawn bites you but does no damage.
The tentacled starspawn engulfs you! The soul eater misses you.
As you read the scroll of teleportation, it crumbles to dust.
You feel strangely stable. The tentacled starspawn bites you!
The tentacled starspawn engulfs you!!
* * * LOW HITPOINT WARNING * * *
The soul eater barely misses you. The soul eater hits you!
You die...

....## # #.....#
##. ###.......
###.. .........
...... .......
#...####....#...
#....##..# ....
#.##.##3#
#....wX@#
...###.#### .
#.# .## .##..# #
# .#. .# #. .?
...#.. .##
....... #.##.###
# # ## # #


You could see a tentacled starspawn, a soul eater and a starspawn tentacle.

Vanquished Creatures
  Sigmund (D:2)
  An orc priest (D:3)
  Terence (D:2)
  A gnoll (D:1)
  2 leopard geckos
  A ball python (D:1)
  2 giant cockroaches
  3 goblins
  8 hobgoblins
  6 kobolds
  7 bats
  2 frilled lizards
  6 rats
41 creatures vanquished.

Vanquished Creatures (others)
  3 starspawn tentacles (Abyss:1)
3 creatures vanquished.

Grand Total: 44 creatures vanquished

Notes
Turn   | Place    | Note
-------+----------+-------------------------------------------
     0 | D:1      | Alfie the Hill Orc Fighter began the quest for the Orb.
     0 | D:1      | Reached XP level 1. HP: 19/19 MP: 1/1
   169 | D:1      | Reached XP level 2. HP: 27/27 MP: 2/2
   408 | D:1      | Reached XP level 3. HP: 25/33 MP: 3/3
   904 | D:2      | Noticed Terence
   920 | D:2      | Killed Terence
   920 | D:2      | Reached XP level 4. HP: 35/40 MP: 4/4
   982 | D:2      | Found an iron altar of Okawaru.
  1057 | D:2      | Noticed Sigmund
  1094 | D:2      | Killed Sigmund
  1094 | D:2      | Reached skill level 1 in Dodging
  1094 | D:2      | Reached XP level 5. HP: 5/46 MP: 5/5
  1725 | D:3      | Reached XP level 6. HP: 53/53 MP: 6/6
  1760 | D:3      | Cast into level 1 of the Abyss (orc)
  1809 | Abyss:1  | Noticed a tentacled starspawn
  1834 | Abyss:1  | Noticed a soul eater
  1843 | Abyss:1  | Slain by a soul eater

Skill      XL: |  1  2  3  4 |
---------------+-------------+-----
Fighting       | 4 |  4.4
Short Blades   | 4 |  4.2
Armour         | 4 |  4.4
Dodging        | 1 |  1.0
Shields        | 4 |  4.2

Action                   |  1- 3 |  4- 6 || total
-------------------------+-------+-------++-------
Melee: Rapier            |   111 |    56 ||   167
  Use: Potion            |       |     1 ||     1
       Scroll            |       |     3 ||     3
  Eat: Bread ration      |       |     1 ||     1
Armor: Scale mail        |    55 |    25 ||    80
Dodge: Dodged            |    41 |    30 ||    71
Block: Shield            |    66 |    21 ||    87
